 Dungeon Sprint DCSS version 0.23-a0-171-g5ae17c6 (webtiles) character file.

25465 Fang the Severer (level 13, -1/95 HPs)
             Began as a Gargoyle Berserker on Sept 14, 2018.
             Was the Champion of Trog.
             Slain by a deep elf blademaster
             ... wielding a +0 rapier
              (10 damage)
             ... in the Dungeon (Sprint V: "Ziggurat Sprint").
             The game lasted 00:09:28 (915 turns).

Fang the Severer (Gargoyle Berserker)                Turns: 915, Time: 00:09:30

Health: -1/95      AC: 30    Str: 25    XL:     13   Next: 19%
Magic:  13/13      EV: 19    Int: 12    God:    Trog [******]
Gold:   0          SH:  0    Dex:  9    Spells: 12/12 levels left

rFire    + . .     SeeInvis +   b - +2 war axe of the Penguin {protect, rF+ Int+3}
rCold    + + .     Gourm    .   (no shield)
rNeg     + . .     Faith    .   j - +5 shadow dragon scales
rPois    ∞         Spirit   .   (no helmet)
rElec    +         Reflect  .   H - scarf {cloud immunity}
rCorr    .         Harm     .   (no gloves)
MR       ++...     NoTele   +   (no boots)
Stlth    ++++++....             A - amulet of Wonder {Acrobat Fragile +Inv MR++}
HPRegen  0.25/turn              I - ring of Phasing {EV+8}
MPRegen  0.13/turn              C - ring "Soedyt" {*Slow rElec rC++ SInv Stlth+}

@: berserk cooldown, slowed, very slow
A: negative energy resistance 1, electricity resistance, unbreathing,
petrification resistance, rot immunity, AC +9
a: Berserk, Trog's Hand, Brothers in Arms, Renounce Religion, Evoke Invisibility


You were in the Dungeon.
You worshipped Trog.
Trog was exalted by your worship.
You were not hungry.

You visited 1 branch

Inventory:

Hand Weapons
 b - the +2 war axe of the Penguin (weapon) {protect, rF+ Int+3}
   (You found it in the Dungeon)

   It protects the one who uses it against injury (+AC on strike).
   It affects your intelligence (+3).
   It protects you from fire.
 k - a +5 executioner's axe of freezing
 z - the +4 hand axe "Tuky" {drain, MR+ Dex+3}
   (You found it in the Dungeon)

   A truly terrible weapon, it drains the life of those it strikes.
   It affects your dexterity (+3).
   It affects your resistance to hostile enchantments.
 G - a +2 antimagic war axe
Missiles
 N - 5 javelins of returning (quivered)
Armour
 a - a +3 scale mail of fire resistance
 j - +5 shadow dragon scales (worn)
 H - a scarf of cloud immunity (worn)
 K - +2 fire dragon scales
 M - the +8 plate armour of Generosity {MR+}
   (You found it in the Dungeon)

   It affects your resistance to hostile enchantments.
Jewellery
 A - the amulet of Wonder (around neck) {Acrobat Fragile +Inv MR++}
   (You found it in the Dungeon)

   [amulet of the acrobat]

   It helps you evade while moving and waiting.
   It affects your resistance to hostile enchantments.
   It lets you turn invisible.
   It will be destroyed if unequipped.
 B - the amulet of Jyblusme {RegenMP rN++ MR- Int+4 SInv}
   (You found it in the Dungeon)

   [amulet of magic regeneration]

   It increases your magic regeneration.
   It affects your intelligence (+4).
   It greatly protects you from negative energy.
   It affects your resistance to hostile enchantments.
   It lets you see invisible.
 C - the ring "Soedyt" (right hand) {*Slow rElec rC++ SInv Stlth+}
   (You found it in the Dungeon)

   [ring of stealth]

   It greatly protects you from cold.
   It insulates you from electricity.
   It lets you see invisible.
   It may slow you when you take damage.
   It makes you more stealthy.
 D - a +6 ring of strength
 E - the ring of Itesetz {rN+ MR- AC+6 Dex+3}
   (You found it in the Dungeon)

   [ring of protection]

   It affects your AC (+6).
   It affects your dexterity (+3).
   It protects you from negative energy.
   It affects your resistance to hostile enchantments.
 F - a +3 ring of dexterity
 I - the ring of Phasing (left hand) {EV+8}
   (You found it in the Dungeon)

   [ring of evasion]

   It affects your evasion (+8).
 J - a +5 ring of protection
Wands
 w - a wand of disintegration (7)
 x - a wand of iceblast (7)
 y - a wand of acid (7)
Scrolls
 i - 4 scrolls of blinking
 l - 7 scrolls of fog
 m - a scroll of holy word
 n - 5 scrolls of identify
 o - 4 scrolls of remove curse
 p - 2 scrolls of fear
Potions
 d - 10 potions of curing
 e - 7 potions of heal wounds
 f - 6 potions of haste
 g - 7 potions of magic
 h - 3 potions of berserk rage
 q - 2 potions of brilliance
 r - 2 potions of invisibility
 s - 4 potions of resistance
 u - 5 potions of agility
 v - 5 potions of might
Miscellaneous
 L - a box of beasts
Comestibles
 c - 4 rations


   Skills:
 + Level 16.9 Fighting
 + Level 18.8 Axes
 + Level 12.5 Armour
 + Level 5.7 Dodging
 + Level 8.6 Stealth


You had 12 spell levels left.
You didn't know any spells.
Your spell library was empty.

Dungeon Overview and Level Annotations

Branches:
Dungeon (1/1)

Altars:
Ashenzari
Cheibriados
Dithmenos
Elyvilon
Fedhas
Gozag
Hepliaklqana
Kikubaaqudgha
Makhleb
Nemelex Xobeh
Okawaru
Qazlal
Ru
Sif Muna
Trog
Uskayaw
Vehumet
Wu Jian
Xom
Yredelemnul
Zin
The Shining One
Beogh
Jiyva
Lugonu


Innate Abilities, Weirdness & Mutations

You are resistant to torment.
Your stone body is resilient. (AC +9)
You are immune to poison.
You resist negative energy. (rN+)
You are resistant to electric shocks. (rElec)
You can survive without breathing.
You are immune to petrification.
You are immune to rotting.


Message History

* * * LOW HITPOINT WARNING * * *
The deep elf blademaster hits you but does no damage.
The fire elemental misses you.
The deep elf blademaster completely misses you.
The deep elf blademaster closely misses you.
The earth elemental barely misses you.
The deep elf mage hits you but does no damage.
The fire elemental misses you. The fire elemental hits you.
The fire elemental burns you! You resist.
* * * LOW HITPOINT WARNING * * *
You are too injured to fight recklessly!
Okay, then.
You eat one of the 5 rations.
That ration really hit the spot!
The deep elf blademaster closely misses you.
The deep elf blademaster hits you with a rapier!
* * * LOW HITPOINT WARNING * * *
Your stone giant hits the deep elf mage but does no damage.
The deep elf blademaster barely misses you.
The deep elf blademaster hits you with a rapier!
You die...

▓...8©8...▓
▓..)|)|?..▓...:}}:..▓
▓..|=?||..▓...).):..▓
▓.........▓.........▓
▓........(▓....))...▓
▓.........▓...))()..▓
▓....§....▓....)....▓
▓...eEE...▓.▓..(..▓.▓
▓...E@e...▓..((©....▓
▓...)©C...▓▓▓▓▓▓▓▓▓▓▓
▓▓▓▓▓▓▓▓▓▓▓


You could see a deep elf blademaster, an earth elemental, a deep elf mage, 2
fire elementals and a friendly stone giant (berserk).

Vanquished Creatures
  2 deep elf master archers (D)
  2 deep elf blademasters (D)
  2 dancing weapons (D)
  A deep elf mage (D)
  2 cyclopes (D)
  4 toenail golems (D)
  An eye of devastation (D)
  2 rime drakes (D)
  4 merfolk (D)
  3 jumping spiders (D)
  3 slime creatures (D)
  A wyvern (D)
  A tarantella (D)
  2 golden eyes (D)
  A basilisk (shapeshifter) (D)
  An acid dragon (D)
  A floating eye (D)
  2 swamp drakes (D)
  A swamp drake (shapeshifter) (D)
  3 necrophages (D)
  2 phantoms (D)
  A killer bee (shapeshifter) (D)
  8 jellies (D)
  6 oozes (D)
  An adder skeleton (D)
  A bat skeleton (D)
58 creatures vanquished.

Vanquished Creatures (collateral kills)
  3 merfolk (D)
3 creatures vanquished.

Grand Total: 61 creatures vanquished

Notes
Turn   | Place    | Note
-------+----------+-------------------------------------------
     0 | D        | Found the +6 Majin-Bo {vamp, Archmagi MP+6 Int+6}
     0 | D        | Found the +7 great mace "Firestarter" {inner flame, rF++}
     0 | D        | Fang the Gargoyle Berserker began the quest for the Orb.
     0 | D        | Reached XP level 1. HP: 14/14 MP: 1/1
     0 | D        | Found a blossoming altar of Fedhas.
     6 | D        | Found a viscous altar of Jiyva.
     6 | D        | Found a hazy altar of Hepliaklqana.
     6 | D        | Found a transporter.
     6 | D        | Found an opulent altar of Gozag.
     6 | D        | Found an ancient bone altar of Kikubaaqudgha.
     6 | D        | Found a corrupted altar of Lugonu.
    10 | D        | Found a burning altar of Makhleb.
    11 | D        | Found a sacrificial altar of Ru.
    11 | D        | Found a stormy altar of Qazlal.
    11 | D        | Found a deep blue altar of Sif Muna.
    11 | D        | Found an iron altar of Okawaru.
    11 | D        | Found a bloodstained altar of Trog.
    11 | D        | Found a sparkling altar of Nemelex Xobeh.
    73 | D        | Entered arena 2.
    73 | D        | Found a transporter.
    76 | D        | Reached skill level 3 in Axes
    76 | D        | Reached XP level 2. HP: 20/20 MP: 2/2
    89 | D        | Entered arena 3.
    89 | D        | Noticed a steam dragon
    89 | D        | Noticed a basilisk
    89 | D        | Noticed an ice beast
    89 | D        | Noticed a swamp drake
    89 | D        | an ice beast changed into a swamp drake
    89 | D        | Found a transporter.
    94 | D        | Killed a basilisk
    94 | D        | Reached ** piety under Trog
    94 | D        | Reached skill level 6 in Axes
    94 | D        | Reached XP level 3. HP: 27/28 MP: 3/3
    94 | D        | Reached XP level 4. HP: 32/34 MP: 4/4
    94 | D        | Reached XP level 5. HP: 36/38 MP: 5/5
    96 | D        | Killed a swamp drake
    96 | D        | Reached skill level 7 in Axes
    96 | D        | Reached skill level 5 in Armour
    96 | D        | Reached XP level 6. HP: 43/45 MP: 6/6
   101 | D        | a steam dragon changed into a killer bee
   103 | D        | Reached skill level 8 in Axes
   106 | D        | Got the cursed +2 war axe of the Penguin {protect, rF+
                  | Int+3}
   196 | D        | Entered arena 4.
   196 | D        | Noticed a jumping spider
   196 | D        | Noticed a jumping spider
   196 | D        | Noticed a jumping spider
   196 | D        | Noticed a tarantella
   196 | D        | Found a transporter.
   202 | D        | Killed a jumping spider
   202 | D        | Reached skill level 10 in Fighting
   202 | D        | Reached skill level 9 in Axes
   202 | D        | Reached XP level 7. HP: 52/52 MP: 7/7
   206 | D        | Killed a jumping spider
   206 | D        | Reached *** piety under Trog
   206 | D        | Reached skill level 10 in Axes
   207 | D        | Killed a tarantella
   207 | D        | Reached XP level 8. HP: 60/60 MP: 8/8
   209 | D        | Killed a jumping spider
   209 | D        | Reached skill level 11 in Axes
   215 | D        | Got the amulet of Wonder {Acrobat Fragile +Inv MR++}
   253 | D        | Got the +4 hand axe "Tuky" {drain, MR+ Dex+3}
   267 | D        | Entered arena 5.
   267 | D        | Noticed a toenail golem
   267 | D        | Noticed a toenail golem
   267 | D        | Noticed a toenail golem
   267 | D        | Noticed a toenail golem
   267 | D        | Found a transporter.
   273 | D        | Killed a toenail golem
   274 | D        | Killed a toenail golem
   274 | D        | Reached **** piety under Trog
   274 | D        | Reached skill level 12 in Axes
   274 | D        | Reached skill level 5 in Stealth
   274 | D        | Reached XP level 9. HP: 65/65 MP: 9/9
   280 | D        | Killed a toenail golem
   280 | D        | Reached skill level 13 in Axes
   281 | D        | Killed a toenail golem
   414 | D        | Entered arena 6.
   414 | D        | Found a transporter.
   419 | D        | Reached ***** piety under Trog
   424 | D        | Got the amulet of Jyblusme {RegenMP rN++ MR- Int+4 SInv}
   431 | D        | Entered arena 7.
   432 | D        | Found a transporter.
   442 | D        | Reached skill level 14 in Axes
   450 | D        | Got the ring "Soedyt" {*Slow rElec rC++ SInv Stlth+}
   481 | D        | Entered arena 8.
   481 | D        | Noticed a rime drake
   481 | D        | Noticed a rime drake
   483 | D        | Found a transporter.
   488 | D        | Received a gift from Trog
   488 | D        | Reached ****** piety under Trog
   496 | D        | Reached XP level 10. HP: 61/73 MP: 10/10
   509 | D        | Got the ring of Itesetz {rN+ MR- AC+6 Dex+3}
   547 | D        | Entered arena 9.
   548 | D        | Found a transporter.
   554 | D        | Reached skill level 15 in Axes
   559 | D        | Received a gift from Trog
   597 | D        | Entered arena 10.
   597 | D        | Noticed an eye of devastation
   598 | D        | Found the ring of Phasing {EV+8}
   598 | D        | Found a transporter.
   601 | D        | Paralysed by a floating eye for 3 turns
   607 | D        | Received a gift from Trog
   620 | D        | Killed an eye of devastation
   621 | D        | Got a crude fustibalus {god gift}
   655 | D        | Entered arena 11.
   655 | D        | Noticed a cyclops
   655 | D        | Noticed a cyclops
   661 | D        | Reached skill level 16 in Axes
   663 | D        | Found a transporter.
   673 | D        | Killed a cyclops
   673 | D        | Received a gift from Trog
   678 | D        | Killed a cyclops
   678 | D        | Reached XP level 11. HP: 63/80 MP: 11/11
   695 | D        | Received a gift from Trog
   731 | D        | Got the +8 plate armour of Generosity {MR+}
   877 | D        | Entered arena 12.
   877 | D        | Noticed a deep elf mage
   877 | D        | Noticed a dire flail of pain
   877 | D        | Noticed a deep elf mage
   877 | D        | Noticed a deep elf master archer
   878 | D        | Noticed a deep elf blademaster
   878 | D        | Noticed a deep elf blademaster
   879 | D        | Noticed a deep elf master archer
   879 | D        | Noticed a deep elf blademaster
   884 | D        | Killed a dire flail of pain
   884 | D        | Reached skill level 17 in Axes
   884 | D        | Reached skill level 10 in Armour
   884 | D        | Noticed a vampiric battleaxe
   900 | D        | Killed a deep elf mage
   904 | D        | Killed a deep elf master archer
   904 | D        | Reached skill level 15 in Fighting
   904 | D        | Killed a deep elf master archer
   904 | D        | Received a gift from Trog
   905 | D        | Killed a vampiric battleaxe
   905 | D        | Reached skill level 18 in Axes
   905 | D        | Reached skill level 5 in Dodging
   908 | D        | Killed a deep elf blademaster
   908 | D        | Reached XP level 12. HP: 48/88 MP: 12/12
   909 | D        | Killed a deep elf blademaster
   911 | D        | Reached XP level 13. HP: 23/95 MP: 13/13
   911 | D        | HP: 3/95 [deep elf blademaster/rapier (4)]
   915 | D        | Slain by a deep elf blademaster

Vault maps used:
D:        sprint_v

Skill      XL: |  1  2  3  4  5  6  7  8  9 10 11 12 |
---------------+-------------------------------------+-----
Fighting       | 4 7 8 10 11 12 13 14 16 | 16.9
Axes           | 3 6 7 9 10 12 14 16 18 | 18.8
Armour         | 4 5 6 7 9 12 | 12.5
Dodging        | 2 3 4 5 |  5.7
Stealth        | 2 3 4 5 6 7 8 |  8.6

Action                   |  1- 3 |  4- 6 |  7- 9 | 10-12 | 13-15 || total
-------------------------+-------+-------+-------+-------+-------++-------
Melee: Executioner's axe |     4 |     6 |       |       |       ||    10
       War axe           |       |     5 |    43 |   120 |       ||   168
Invok: Berserk           |     1 |     1 |     2 |     3 |       ||     7
       Brothers in Arms  |       |       |       |     2 |     1 ||     3
  Use: Scroll            |       |     1 |     1 |       |       ||     2
       Potion            |       |       |       |     2 |     2 ||     4
 Stab: Sleeping          |     2 |       |     3 |       |       ||     5
  Eat: Ration            |       |       |     1 |     1 |     1 ||     3
Armor: Shadow dragon sca |       |     8 |    21 |   125 |    19 ||   173
Dodge: Dodged            |       |     3 |    19 |    96 |    20 ||   138

Table legend:
 A = Non-vault XP
 B = Vault XP
 C = Vault XP percentage of total XP
 D = Non-vault monster count
 E = Vault monster count
 F = Vault count percentage of total count
                 A         B        C        D         E       F
            +---------+---------+-------+---------+---------+-------
      Total |       0 |   21065 | 100.0 |       0 |      61 | 100.0
            +---------+---------+-------+---------+---------+-------
          D |       0 |   21065 | 100.0 |       0 |      61 | 100.0
            +---------+---------+-------+---------+---------+-------
